[ AOE2 MATCH · #477029310 ]
UnrankedMaya vs Ethiopians
Player's team · LOSS
[ REPLAY ANALYSIS · EXTRACTED FROM THE RECORDED GAME ]
Feudal
10:19
Castle
—
Imperial
—
| APM avg | 33.9 |
| APM peak | 69 |
| eAPM avg | 13.8 |
| Villagers / military | 54 / 32 |
Focus
⚔️ 20.2% · 🌾 79.8%
Archer ×25 · Skirmisher ×6 · Spearman ×1
Feudal
10:18
Castle
—
Imperial
—
| APM avg | 21.9 |
| APM peak | 86 |
| eAPM avg | 8.6 |
| Villagers / military | 45 / 9 |
Focus
⚔️ 31.8% · 🌾 68.2%
Scout Cavalry ×9
Feudal
9:16
Castle
—
Imperial
—
| APM avg | 29.4 |
| APM peak | 56 |
| eAPM avg | 14.5 |
| Villagers / military | 51 / 39 |
Focus
⚔️ 29.4% · 🌾 70.6%
Archer ×39
Feudal
9:44
Castle
—
Imperial
—
| APM avg | 39.8 |
| APM peak | 83 |
| eAPM avg | 13.3 |
| Villagers / military | 44 / 33 |
Focus
⚔️ 37.6% · 🌾 62.4%
Archer ×33
Feudal
9:18
Castle
22:26
Imperial
—
| APM avg | 63.0 |
| APM peak | 108 |
| eAPM avg | 20.0 |
| Villagers / military | 59 / 22 |
Focus
⚔️ 50.4% · 🌾 49.6%
Scout Cavalry ×14 · Camel Scout ×8
Feudal
8:50
Castle
21:32
Imperial
—
| APM avg | 31.6 |
| APM peak | 62 |
| eAPM avg | 18.7 |
| Villagers / military | 56 / 36 |
Focus
⚔️ 39.3% · 🌾 60.7%
Knight ×23 · Scout Cavalry ×13
Feudal
9:02
Castle
23:01
Imperial
—
| APM avg | 60.1 |
| APM peak | 101 |
| eAPM avg | 22.3 |
| Villagers / military | 49 / 44 |
Focus
⚔️ 31.6% · 🌾 68.4%
Archer ×42 · Spearman ×2
Feudal
8:59
Castle
—
Imperial
—
| APM avg | 46.5 |
| APM peak | 129 |
| eAPM avg | 19.4 |
| Villagers / military | 50 / 11 |
Focus
⚔️ 24.9% · 🌾 75.1%
Scout Cavalry ×11
Match map
Initial resources + every placement click. Lines = walls · curves = elevation contours. ◆ gold · ⬟ stone · ● berries · ✦ relic · ◌ wall gap
Your base· Open — unwalled flank
aoe2 server = STINKY TRASH's base· Open — unwalled flank
快樂 543's base· ✓ Closed at 22:11 · 32t walls · 1 gate(s)
FayDingaway's base· Open — unwalled flank
快樂987's base· Open — 1t gap
_SpAldInG_'s base· ✓ Closed at 21:32 · 53t walls · 1 gate(s)
Bourne2Believe's base· Open — unwalled flank
把星星装进兜里's base· Open — unwalled flank
Smoothed initial terrain · ◌ = detected wall gap · hover for details
Inputs per minute
— 楚歌 - - aoe2 server = STINKY TRASH
Build order — 楚歌
145 actions detected in the replay
| 0:03 | Research | Loom |
| 0:03 | Create | Villager (Male) |
| 0:03 | Research | Loom |
| 0:03 | Create | Villager (Male) |
| 0:05 | Build | House |
| 0:07 | Build | House |
| 0:10 | Build | House |
| 0:19 | Create | Villager (Male) |
| 0:19 | Create | Villager (Male) |
| 0:20 | Create | Villager (Male) |
| 1:25 | Create | Villager (Male) |
| 1:56 | Create | Villager (Male) |
| 1:56 | Create | Villager (Male) |
| 2:25 | Create | Villager (Male) |
| 2:26 | Create | Villager (Male) |
| 2:29 | Build | Lumber Camp |
| 3:00 | Create | Villager (Male) |
| 3:00 | Create | Villager (Male) |
| 3:07 | Create | Villager (Male) |
| 3:07 | Create | Villager (Male) |
| 3:11 | Build | House |
| 3:44 | Create | Villager (Male) |
| 3:44 | Create | Villager (Male) |
| 4:05 | Create | Villager (Male) |
| 4:05 | Create | Villager (Male) |
| 4:06 | Create | Villager (Male) |
| 4:25 | Build | Mill |
| 4:37 | Create | Villager (Male) |
| 5:03 | Create | Villager (Male) |
| 5:03 | Create | Villager (Male) |
| 5:23 | Create | Villager (Male) |
| 5:23 | Create | Villager (Male) |
| 5:24 | Create | Villager (Male) |
| 5:54 | Create | Villager (Male) |
| 5:54 | Create | Villager (Male) |
| 6:08 | Build | Farm |
| 6:23 | Build | Farm |
| 6:31 | Create | Villager (Male) |
| 6:55 | Build | Mining Camp |
| 7:06 | Create | Villager (Male) |
| 7:23 | Build | Farm |
| 7:31 | Create | Villager (Male) |
| 8:09 | Research | Feudal Age |
| 8:09 | Research | Feudal Age |
| 8:15 | Build | Lumber Camp |
| 8:50 | Build | House |
| 9:16 | Build | Barracks |
| 10:19 | Age | Feudal Age |
| 10:20 | Create | Villager (Male) |
| 10:23 | Build | Archery Range |
| 10:29 | Create | Spearman |
| 10:33 | Research | Double-Bit Axe |
| 10:34 | Create | Villager (Male) |
| 11:07 | Build | Archery Range |
| 11:08 | Create | Archer |
| 11:11 | Create | Villager (Male) |
| 11:18 | Build | House |
| 11:21 | Create | Archer |
| 11:24 | Create | Villager (Male) |
| 11:34 | Build | Stone Wall |
| 11:34 | Build | Stone Wall |
| 11:37 | Build | Stone Wall |
| 11:55 | Create | Villager (Male) |
| 12:01 | Build | House |
| 12:02 | Create | Archer |
| 12:03 | Create | Archer |
| 12:06 | Create | Archer |
| 12:07 | Create | Archer |
| 12:13 | Build | House |
| 12:24 | Create | Villager (Male) |
| 12:38 | Build | Blacksmith |
| 12:43 | Create | Archer |
| 12:45 | Create | Archer |
| 12:52 | Create | Villager (Male) |
| 13:24 | Build | House |
| 13:25 | Create | Villager (Male) |
| 13:47 | Create | Villager (Male) |
| 13:49 | Research | Fletching |
| 13:50 | Research | Fletching |
| 14:01 | Create | Archer |
| 14:05 | Create | Villager (Male) |
| 14:07 | Build | Farm |
| 14:08 | Build | Farm |
| 14:23 | Create | Archer |
| 14:28 | Research | Wheelbarrow |
| 14:28 | Research | Wheelbarrow |
| 14:28 | Research | Wheelbarrow |
| 14:29 | Research | Wheelbarrow |
| 14:44 | Build | House |
| 14:48 | Build | House |
| 14:58 | Create | Archer |
| 14:58 | Create | Archer |
| 15:03 | Create | Villager (Male) |
| 15:07 | Build | House |
| 15:10 | Build | House |
| 15:29 | Create | Archer |
| 15:45 | Create | Villager (Male) |
| 15:45 | Create | Villager (Male) |
| 15:47 | Create | Archer |
| 16:02 | Create | Skirmisher |
| 16:02 | Create | Skirmisher |
| 16:04 | Create | Skirmisher |
| 16:04 | Create | Skirmisher |
| 16:12 | Build | Farm |
| 16:13 | Build | Farm |
| 16:17 | Create | Skirmisher |
| 16:18 | Create | Skirmisher |
| 16:28 | Build | Mining Camp |
| 16:39 | Build | Farm |
| 16:42 | Create | Villager (Male) |
| 16:49 | Build | House |
| 16:51 | Build | House |
| 16:58 | Create | Villager (Male) |
| 17:06 | Build | Farm |
| 17:19 | Build | Farm |
| 17:20 | Build | Farm |
| 17:21 | Build | Farm |
| 17:35 | Create | Archer |
| 17:43 | Create | Villager (Male) |
| 18:02 | Create | Villager (Male) |
| 18:11 | Create | Archer |
| 18:12 | Create | Archer |
| 18:12 | Create | Archer |
| 18:21 | Build | Lumber Camp |
| 18:39 | Build | Farm |
| 18:48 | Create | Villager (Male) |
| 18:54 | Create | Archer |
| 18:55 | Create | Archer |
| 19:10 | Build | House |
| 19:16 | Create | Archer |
| 19:21 | Create | Villager (Male) |
| 19:21 | Create | Villager (Male) |
| 19:41 | Build | Farm |
| 19:57 | Create | Archer |
| 19:58 | Create | Archer |
| 20:05 | Create | Villager (Male) |
| 20:12 | Build | Mining Camp |
| 20:36 | Create | Villager (Male) |
| 20:43 | Build | Market |
| 20:53 | Create | Villager (Male) |
| 21:02 | Create | Archer |
| 21:02 | Create | Archer |
| 21:09 | Build | Farm |
| 21:14 | Build | Farm |
| 21:31 | Create | Villager (Male) |
Build order — aoe2 server = STINKY TRASH
96 actions detected in the replay
| 0:04 | Create | Villager (Male) |
| 0:05 | Create | Villager (Male) |
| 0:07 | Build | House |
| 0:13 | Build | Mill |
| 0:17 | Build | House |
| 0:41 | Research | Loom |
| 1:01 | Create | Villager (Male) |
| 1:01 | Create | Villager (Male) |
| 1:01 | Create | Villager (Male) |
| 1:52 | Create | Villager (Male) |
| 1:52 | Create | Villager (Male) |
| 2:19 | Build | Mining Camp |
| 2:25 | Build | Lumber Camp |
| 2:44 | Create | Villager (Male) |
| 2:44 | Create | Villager (Male) |
| 2:44 | Create | Villager (Male) |
| 2:45 | Create | Villager (Male) |
| 3:23 | Create | Villager (Male) |
| 3:23 | Create | Villager (Male) |
| 3:23 | Create | Villager (Male) |
| 4:06 | Research | Loom |
| 4:20 | Create | Villager (Male) |
| 4:20 | Create | Villager (Male) |
| 4:21 | Create | Villager (Male) |
| 4:21 | Create | Villager (Male) |
| 4:35 | Build | Mill |
| 5:17 | Create | Villager (Male) |
| 5:17 | Create | Villager (Male) |
| 5:22 | Build | House |
| 5:23 | Research | Loom |
| 5:37 | Create | Villager (Male) |
| 5:37 | Create | Villager (Male) |
| 6:11 | Create | Villager (Male) |
| 6:37 | Create | Villager (Male) |
| 6:40 | Create | Villager (Male) |
| 6:55 | Create | Villager (Male) |
| 6:55 | Create | Villager (Male) |
| 6:56 | Create | Villager (Male) |
| 6:57 | Create | Villager (Male) |
| 7:36 | Build | Mill |
| 8:08 | Research | Feudal Age |
| 8:16 | Build | Barracks |
| 9:54 | Build | House |
| 10:08 | Create | Villager (Male) |
| 10:09 | Create | Villager (Male) |
| 10:18 | Age | Feudal Age |
| 10:22 | Create | Villager (Male) |
| 10:27 | Build | Stable |
| 10:42 | Research | Double-Bit Axe |
| 10:45 | Create | Villager (Male) |
| 10:45 | Create | Villager (Male) |
| 10:50 | Build | Farm |
| 11:18 | Build | Farm |
| 11:22 | Research | Horse Collar |
| 11:26 | Build | House |
| 11:32 | Create | Scout Cavalry |
| 11:33 | Create | Scout Cavalry |
| 11:35 | Create | Villager (Male) |
| 11:40 | Build | House |
| 11:54 | Create | Villager (Male) |
| 12:00 | Build | Farm |
| 12:03 | Build | Farm |
| 12:09 | Build | Farm |
| 12:10 | Create | Scout Cavalry |
| 12:26 | Build | Farm |
| 12:28 | Create | Villager (Male) |
| 12:29 | Create | Villager (Male) |
| 12:31 | Build | House |
| 12:46 | Build | Farm |
| 12:47 | Build | Farm |
| 12:50 | Build | Farm |
| 12:50 | Build | Farm |
| 12:50 | Build | Farm |
| 12:50 | Build | Farm |
| 12:51 | Build | Farm |
| 13:09 | Create | Villager (Male) |
| 13:18 | Build | House |
| 13:26 | Create | Scout Cavalry |
| 13:28 | Create | Villager (Male) |
| 13:32 | Build | Farm |
| 13:35 | Build | Farm |
| 13:49 | Build | House |
| 13:57 | Create | Scout Cavalry |
| 14:01 | Build | Farm |
| 14:03 | Build | Farm |
| 14:07 | Create | Villager (Male) |
| 14:24 | Create | Scout Cavalry |
| 14:26 | Create | Villager (Male) |
| 14:30 | Build | Farm |
| 14:35 | Build | House |
| 14:43 | Create | Villager (Male) |
| 14:45 | Create | Scout Cavalry |
| 15:25 | Create | Scout Cavalry |
| 15:36 | Create | Villager (Male) |
| 15:38 | Create | Scout Cavalry |
| 16:06 | Create | Villager (Male) |
Build order — 快樂 543
142 actions detected in the replay
| 0:01 | Create | Villager (Male) |
| 0:01 | Create | Villager (Male) |
| 0:01 | Create | Villager (Male) |
| 0:02 | Create | Villager (Male) |
| 0:03 | Build | House |
| 0:04 | Build | House |
| 1:32 | Create | Villager (Male) |
| 1:32 | Create | Villager (Male) |
| 2:01 | Create | Villager (Male) |
| 2:01 | Create | Villager (Male) |
| 2:38 | Build | Lumber Camp |
| 2:52 | Create | Villager (Male) |
| 3:09 | Create | Villager (Male) |
| 3:09 | Create | Villager (Male) |
| 3:13 | Build | House |
| 3:38 | Create | Villager (Male) |
| 3:38 | Create | Villager (Male) |
| 3:58 | Create | Villager (Male) |
| 3:59 | Create | Villager (Male) |
| 4:33 | Create | Villager (Male) |
| 4:33 | Create | Villager (Male) |
| 4:40 | Create | Villager (Male) |
| 4:40 | Create | Villager (Male) |
| 4:40 | Create | Villager (Male) |
| 5:29 | Create | Villager (Male) |
| 5:49 | Create | Villager (Male) |
| 5:49 | Research | Loom |
| 6:12 | Build | Mining Camp |
| 7:06 | Research | Feudal Age |
| 7:45 | Build | House |
| 7:56 | Build | Barracks |
| 8:58 | Create | Villager (Male) |
| 8:58 | Create | Villager (Male) |
| 9:16 | Age | Feudal Age |
| 9:20 | Build | Archery Range |
| 9:34 | Create | Villager (Male) |
| 9:57 | Build | Archery Range |
| 10:11 | Research | Double-Bit Axe |
| 10:13 | Build | House |
| 10:24 | Build | Blacksmith |
| 10:29 | Build | House |
| 10:47 | Build | Mill |
| 10:55 | Create | Villager (Male) |
| 11:00 | Create | Archer |
| 11:01 | Create | Archer |
| 11:21 | Create | Archer |
| 11:26 | Build | Farm |
| 11:38 | Create | Villager (Male) |
| 11:44 | Build | House |
| 11:59 | Create | Archer |
| 11:59 | Create | Archer |
| 12:06 | Build | Palisade Gate |
| 12:21 | Build | Farm |
| 12:30 | Build | House |
| 12:56 | Research | Fletching |
| 13:05 | Build | Palisade Wall |
| 13:10 | Create | Archer |
| 13:11 | Create | Archer |
| 13:16 | Build | House |
| 13:20 | Create | Villager (Male) |
| 13:20 | Create | Villager (Male) |
| 13:36 | Build | Palisade Wall |
| 13:47 | Create | Archer |
| 13:47 | Create | Archer |
| 13:58 | Build | Palisade Wall |
| 14:05 | Create | Archer |
| 14:05 | Create | Archer |
| 14:06 | Create | Villager (Male) |
| 14:06 | Create | Villager (Male) |
| 14:14 | Build | House |
| 14:15 | Build | House |
| 14:37 | Research | Padded Archer Armor |
| 14:58 | Build | Farm |
| 15:02 | Build | House |
| 15:06 | Build | Palisade Wall |
| 15:12 | Create | Archer |
| 15:12 | Create | Archer |
| 15:12 | Create | Archer |
| 15:15 | Create | Villager (Male) |
| 15:15 | Create | Villager (Male) |
| 15:19 | Build | Farm |
| 15:20 | Create | Villager (Male) |
| 15:21 | Create | Villager (Male) |
| 15:28 | Build | Farm |
| 15:32 | Build | Farm |
| 15:33 | Build | Farm |
| 15:34 | Build | Farm |
| 15:39 | Create | Villager (Male) |
| 15:44 | Create | Archer |
| 15:44 | Create | Archer |
| 16:14 | Create | Villager (Male) |
| 16:55 | Create | Archer |
| 16:55 | Create | Archer |
| 16:59 | Create | Villager (Male) |
| 17:03 | Build | Farm |
| 17:11 | Create | Archer |
| 17:12 | Create | Archer |
| 17:16 | Create | Villager (Male) |
| 17:16 | Create | Villager (Male) |
| 17:18 | Build | Farm |
| 17:22 | Build | Farm |
| 17:26 | Build | Farm |
| 18:02 | Create | Archer |
| 18:02 | Create | Archer |
| 18:03 | Create | Archer |
| 18:26 | Create | Archer |
| 18:26 | Create | Archer |
| 18:35 | Create | Villager (Male) |
| 18:39 | Build | Farm |
| 18:49 | Create | Archer |
| 18:50 | Create | Archer |
| 18:53 | Create | Villager (Male) |
| 18:54 | Create | Villager (Male) |
| 18:59 | Build | House |
| 19:02 | Research | Gold Mining |
| 19:14 | Research | Horse Collar |
| 19:19 | Research | Town Watch |
| 20:05 | Build | Market |
| 20:09 | Create | Villager (Male) |
| 20:18 | Create | Villager (Male) |
| 20:29 | Create | Archer |
| 20:29 | Create | Archer |
| 20:49 | Create | Villager (Male) |
| 20:53 | Build | House |
| 21:12 | Create | Villager (Male) |
| 21:25 | Create | Archer |
| 21:25 | Create | Archer |
| 21:27 | Create | Villager (Male) |
| 21:36 | Build | Farm |
| 22:11 | Research | Castle Age |
| 22:23 | Create | Archer |
| 22:23 | Create | Archer |
| 22:24 | Create | Archer |
| 22:24 | Create | Archer |
| 22:47 | Create | Archer |
| 22:48 | Create | Archer |
| 22:50 | Create | Villager (Male) |
| 22:50 | Create | Villager (Male) |
| 22:51 | Create | Villager (Male) |
| 22:55 | Build | Lumber Camp |
| 24:12 | Create | Archer |
| 24:12 | Create | Archer |
Build order — FayDingaway
123 actions detected in the replay
| 0:01 | Create | Villager (Male) ×4 |
| 0:03 | Build | House |
| 0:04 | Build | House |
| 1:23 | Create | Villager (Male) |
| 1:23 | Create | Villager (Male) |
| 1:23 | Create | Villager (Male) |
| 1:46 | Create | Villager (Male) |
| 1:47 | Create | Villager (Male) |
| 1:47 | Create | Villager (Male) |
| 1:55 | Build | Lumber Camp |
| 2:01 | Create | Villager (Male) |
| 2:47 | Create | Villager (Male) |
| 3:08 | Create | Villager (Male) |
| 3:28 | Create | Villager (Male) |
| 3:28 | Create | Villager (Male) |
| 3:28 | Create | Villager (Male) |
| 3:50 | Build | House |
| 3:58 | Build | House |
| 4:23 | Create | Villager (Male) |
| 4:28 | Build | Mill |
| 4:54 | Create | Villager (Male) |
| 5:11 | Create | Villager (Male) |
| 5:12 | Create | Villager (Male) |
| 5:35 | Create | Villager (Male) |
| 5:41 | Build | House |
| 5:48 | Create | Villager (Male) |
| 6:37 | Build | Mining Camp |
| 6:57 | Research | Loom |
| 7:34 | Research | Feudal Age |
| 7:56 | Build | Barracks |
| 8:13 | Create | Villager (Male) |
| 8:59 | Build | House |
| 9:24 | Build | Palisade Gate |
| 9:44 | Age | Feudal Age |
| 9:48 | Build | Archery Range |
| 9:53 | Build | Blacksmith |
| 9:53 | Create | Villager (Male) |
| 9:58 | Build | Mill |
| 10:13 | Build | Palisade Wall |
| 10:17 | Create | Villager (Male) |
| 10:36 | Create | Archer |
| 10:44 | Build | Palisade Gate |
| 10:47 | Create | Villager (Male) |
| 10:49 | Create | Archer |
| 10:53 | Research | Double-Bit Axe |
| 11:08 | Build | House |
| 11:12 | Create | Archer |
| 11:16 | Create | Villager (Male) |
| 11:44 | Build | Archery Range |
| 11:49 | Research | Fletching |
| 11:49 | Create | Archer |
| 11:52 | Build | House |
| 11:54 | Create | Villager (Male) |
| 11:54 | Create | Villager (Male) |
| 11:58 | Build | House |
| 11:59 | Build | House |
| 12:08 | Create | Archer |
| 12:08 | Create | Archer |
| 12:08 | Create | Archer |
| 12:23 | Create | Villager (Male) |
| 12:23 | Create | Villager (Male) |
| 12:23 | Create | Villager (Male) |
| 12:48 | Build | Palisade Wall |
| 12:50 | Build | Palisade Wall |
| 12:51 | Create | Archer |
| 12:56 | Create | Villager (Male) |
| 12:57 | Create | Villager (Male) |
| 13:01 | Create | Archer |
| 13:02 | Create | Archer |
| 13:13 | Research | Horse Collar |
| 13:17 | Create | Archer |
| 13:17 | Create | Archer |
| 13:21 | Build | Farm |
| 13:23 | Build | Farm |
| 13:26 | Build | Farm |
| 13:29 | Build | Farm |
| 13:36 | Build | House |
| 13:39 | Create | Archer |
| 13:39 | Create | Archer |
| 13:46 | Create | Villager (Male) |
| 14:01 | Build | Farm |
| 14:15 | Build | Palisade Gate |
| 14:15 | Create | Villager (Male) |
| 14:18 | Create | Archer |
| 14:18 | Create | Archer |
| 14:34 | Create | Archer |
| 14:40 | Build | Farm |
| 14:47 | Create | Archer |
| 14:49 | Create | Villager (Male) |
| 14:52 | Build | House |
| 14:57 | Build | Palisade Wall |
| 15:03 | Create | Villager (Male) |
| 15:06 | Create | Archer |
| 15:07 | Create | Archer |
| 15:17 | Build | Farm |
| 15:20 | Create | Archer |
| 15:23 | Create | Villager (Male) |
| 15:33 | Build | House |
| 15:39 | Create | Archer |
| 15:39 | Create | Archer |
| 15:46 | Research | Padded Archer Armor |
| 15:58 | Create | Archer |
| 15:59 | Create | Archer |
| 15:59 | Create | Villager (Male) |
| 16:03 | Build | Farm |
| 16:13 | Build | Farm |
| 16:15 | Create | Villager (Male) |
| 16:25 | Create | Archer |
| 16:25 | Create | Archer |
| 16:28 | Create | Archer |
| 16:29 | Create | Archer |
| 16:29 | Create | Archer |
| 16:31 | Create | Villager (Male) |
| 16:41 | Create | Villager (Male) |
| 16:44 | Build | House |
| 16:45 | Build | House |
| 16:46 | Build | Palisade Wall |
| 16:50 | Create | Archer |
| 17:07 | Build | Farm |
| 17:17 | Create | Archer |
| 17:18 | Create | Archer |
| 17:22 | Create | Villager (Male) |
| 17:27 | Build | House |
Build order — 快樂987
First 150 of 163 actions detected
| 0:01 | Create | Villager (Male) |
| 0:01 | Create | Villager (Male) |
| 0:03 | Build | House |
| 0:04 | Build | House |
| 0:08 | Create | Villager (Male) |
| 0:08 | Create | Villager (Male) |
| 0:08 | Create | Villager (Male) |
| 1:35 | Create | Villager (Male) |
| 2:03 | Build | Lumber Camp |
| 2:10 | Create | Villager (Male) |
| 2:16 | Create | Villager (Male) |
| 2:16 | Create | Villager (Male) |
| 2:43 | Create | Villager (Male) |
| 2:43 | Create | Villager (Male) |
| 3:09 | Create | Villager (Male) |
| 3:20 | Create | Villager (Male) |
| 3:20 | Create | Villager (Male) |
| 3:44 | Build | Mill |
| 3:53 | Create | Villager (Male) |
| 4:18 | Create | Villager (Male) |
| 4:18 | Create | Villager (Male) |
| 4:27 | Research | Loom |
| 4:29 | Build | House |
| 4:35 | Create | Villager (Male) |
| 4:35 | Create | Villager (Male) |
| 4:47 | Create | Villager (Male) |
| 4:57 | Build | House |
| 5:10 | Create | Villager (Male) |
| 5:30 | Create | Villager (Male) |
| 5:55 | Create | Villager (Male) |
| 7:09 | Research | Feudal Age |
| 7:19 | Build | Lumber Camp |
| 8:01 | Build | Barracks |
| 8:08 | Build | House |
| 9:02 | Build | House |
| 9:18 | Age | Feudal Age |
| 9:21 | Build | Stable |
| 9:23 | Research | Double-Bit Axe |
| 9:25 | Create | Villager (Male) |
| 9:36 | Research | Horse Collar |
| 9:38 | Create | Villager (Male) |
| 9:54 | Create | Villager (Male) |
| 10:00 | Create | Villager (Male) |
| 10:03 | Build | Farm |
| 10:17 | Create | Scout Cavalry |
| 10:21 | Build | Farm |
| 10:24 | Build | Farm |
| 10:27 | Build | Farm |
| 10:50 | Create | Scout Cavalry |
| 10:51 | Create | Villager (Male) |
| 10:53 | Build | House |
| 11:02 | Build | Palisade Wall |
| 11:06 | Build | Palisade Wall |
| 11:08 | Create | Villager (Male) |
| 11:13 | Build | Farm |
| 11:14 | Build | Farm |
| 11:22 | Create | Scout Cavalry |
| 11:22 | Create | Scout Cavalry |
| 11:38 | Build | Farm |
| 11:47 | Build | Farm |
| 11:50 | Create | Villager (Male) |
| 11:56 | Build | House |
| 12:01 | Create | Villager (Male) |
| 12:12 | Build | Farm |
| 12:12 | Create | Villager (Male) |
| 12:15 | Build | House |
| 12:30 | Create | Scout Cavalry |
| 12:35 | Build | Farm |
| 12:39 | Build | Farm |
| 12:54 | Create | Villager (Male) |
| 12:59 | Build | House |
| 13:03 | Build | Palisade Wall |
| 13:04 | Build | Palisade Wall |
| 13:07 | Build | Palisade Gate |
| 13:09 | Create | Villager (Male) |
| 13:17 | Build | Farm |
| 13:17 | Build | Farm |
| 13:19 | Build | Farm |
| 13:25 | Create | Villager (Male) |
| 13:36 | Build | Blacksmith |
| 13:38 | Build | Palisade Wall |
| 13:43 | Build | Farm |
| 13:51 | Create | Villager (Male) |
| 13:53 | Create | Villager (Male) |
| 13:59 | Create | Scout Cavalry |
| 14:15 | Create | Scout Cavalry |
| 14:19 | Create | Villager (Male) |
| 14:24 | Build | House |
| 14:46 | Create | Scout Cavalry |
| 14:47 | Create | Villager (Male) |
| 14:52 | Build | Farm |
| 14:53 | Build | Farm |
| 14:56 | Build | House |
| 14:59 | Create | Villager (Male) |
| 15:01 | Create | Scout Cavalry |
| 15:09 | Build | Farm |
| 15:12 | Build | House |
| 15:13 | Create | Villager (Male) |
| 15:24 | Build | Farm |
| 15:26 | Create | Villager (Male) |
| 15:32 | Build | Stable |
| 15:41 | Create | Villager (Male) |
| 15:44 | Build | Mining Camp |
| 15:46 | Create | Villager (Male) |
| 15:57 | Create | Scout Cavalry |
| 16:13 | Build | House |
| 16:14 | Create | Villager (Male) |
| 16:18 | Build | House |
| 16:20 | Build | Palisade Wall |
| 16:30 | Research | Scale Barding Armor |
| 16:31 | Create | Villager (Male) |
| 16:42 | Create | Villager (Male) |
| 16:46 | Build | Farm |
| 16:48 | Build | Farm |
| 16:49 | Build | Farm |
| 17:04 | Create | Villager (Male) |
| 17:06 | Create | Scout Cavalry |
| 17:12 | Build | Farm |
| 17:16 | Create | Scout Cavalry |
| 17:29 | Research | Bloodlines |
| 18:03 | Create | Villager (Male) |
| 18:04 | Create | Scout Cavalry |
| 18:04 | Create | Scout Cavalry |
| 18:09 | Create | Villager (Male) |
| 18:12 | Build | Farm |
| 18:14 | Build | Farm |
| 18:15 | Create | Villager (Male) |
| 18:36 | Build | Farm |
| 18:39 | Create | Villager (Male) |
| 18:45 | Build | Market |
| 19:11 | Build | Farm |
| 19:15 | Build | Farm |
| 20:00 | Research | Castle Age |
| 20:19 | Create | Villager (Male) |
| 20:22 | Build | Lumber Camp |
| 20:55 | Research | Forging |
| 20:56 | Research | Forging |
| 21:48 | Build | Stable |
| 21:54 | Build | Stable |
| 22:26 | Age | Castle Age |
| 22:27 | Research | Light Cavalry (upgrade) |
| 22:28 | Research | Husbandry |
| 22:28 | Research | Husbandry |
| 22:29 | Research | Chain Barding Armor |
| 22:29 | Research | Chain Barding Armor |
| 22:31 | Research | Bow Saw |
| 22:31 | Research | Bow Saw |
| 22:31 | Research | Heavy Plow |
| 22:35 | Create | Villager (Male) |
| 22:41 | Build | Town Center |
Build order — _SpAldInG_
First 150 of 190 actions detected
| 0:02 | Create | Villager (Male) |
| 0:03 | Build | House |
| 0:04 | Build | House |
| 0:09 | Create | Villager (Male) |
| 0:09 | Create | Villager (Male) |
| 0:09 | Create | Villager (Male) |
| 0:09 | Create | Villager (Male) |
| 1:36 | Create | Villager (Male) |
| 1:36 | Create | Villager (Male) |
| 1:37 | Create | Villager (Male) |
| 1:53 | Build | Lumber Camp |
| 2:00 | Create | Villager (Male) |
| 2:23 | Create | Villager (Male) |
| 2:24 | Create | Villager (Male) |
| 2:53 | Build | House |
| 2:55 | Create | Villager (Male) |
| 2:55 | Create | Villager (Male) |
| 2:56 | Create | Villager (Male) |
| 3:04 | Create | Villager (Male) |
| 3:04 | Create | Villager (Male) |
| 3:04 | Create | Villager (Male) |
| 3:37 | Build | Mill |
| 3:44 | Create | Villager (Male) |
| 4:13 | Create | Villager (Male) |
| 4:13 | Create | Villager (Male) |
| 4:14 | Create | Villager (Male) |
| 4:36 | Create | Villager (Male) |
| 5:07 | Create | Villager (Male) |
| 5:41 | Build | House |
| 5:53 | Create | Villager (Male) |
| 6:13 | Create | Villager (Male) |
| 6:46 | Research | Feudal Age |
| 6:46 | Research | Feudal Age |
| 6:47 | Research | Feudal Age |
| 6:54 | Build | Lumber Camp |
| 7:51 | Create | Villager (Male) |
| 7:56 | Build | Barracks |
| 8:50 | Age | Feudal Age |
| 8:51 | Create | Villager (Male) |
| 8:53 | Build | Stable |
| 9:00 | Research | Double-Bit Axe |
| 9:02 | Create | Villager (Male) |
| 9:16 | Build | House |
| 9:33 | Create | Scout Cavalry |
| 9:34 | Create | Scout Cavalry |
| 9:53 | Create | Villager (Male) |
| 9:56 | Build | House |
| 10:00 | Create | Villager (Male) |
| 10:06 | Build | Mill |
| 10:18 | Create | Scout Cavalry |
| 10:20 | Build | House |
| 10:25 | Build | Farm |
| 10:25 | Build | Farm |
| 10:25 | Build | Farm |
| 10:33 | Build | House |
| 10:34 | Build | Palisade Wall |
| 10:39 | Build | Farm |
| 10:42 | Build | Farm |
| 10:45 | Build | Farm |
| 10:48 | Build | Farm |
| 10:53 | Build | Palisade Wall |
| 10:53 | Build | Palisade Wall |
| 10:54 | Research | Loom |
| 11:09 | Build | Palisade Wall |
| 11:20 | Create | Villager (Male) |
| 11:23 | Build | House |
| 11:31 | Create | Villager (Male) |
| 11:34 | Build | Farm |
| 11:43 | Research | Horse Collar |
| 11:47 | Build | Farm |
| 11:58 | Create | Villager (Male) |
| 12:04 | Build | Palisade Wall |
| 12:12 | Build | House |
| 12:19 | Create | Scout Cavalry |
| 12:24 | Build | Farm |
| 12:33 | Create | Villager (Male) |
| 12:43 | Build | Palisade Wall |
| 12:48 | Create | Villager (Male) |
| 12:50 | Build | Blacksmith |
| 13:03 | Create | Villager (Male) |
| 13:06 | Build | Palisade Wall |
| 13:08 | Build | Palisade Wall |
| 13:12 | Create | Scout Cavalry |
| 13:20 | Build | Palisade Wall |
| 13:24 | Create | Villager (Male) |
| 13:25 | Build | Farm |
| 13:28 | Build | Farm |
| 13:28 | Build | Farm |
| 13:44 | Create | Scout Cavalry |
| 13:44 | Create | Scout Cavalry |
| 13:44 | Create | Scout Cavalry |
| 13:53 | Create | Villager (Male) |
| 13:55 | Build | Farm |
| 14:04 | Build | Mining Camp |
| 14:10 | Create | Scout Cavalry |
| 14:26 | Create | Villager (Male) |
| 14:45 | Research | Scale Barding Armor |
| 14:45 | Research | Scale Barding Armor |
| 14:46 | Research | Scale Barding Armor |
| 14:53 | Create | Villager (Male) |
| 14:56 | Build | Farm |
| 14:57 | Build | Farm |
| 14:58 | Build | Farm |
| 15:08 | Create | Scout Cavalry |
| 15:12 | Build | Farm |
| 15:19 | Create | Villager (Male) |
| 15:19 | Create | Villager (Male) |
| 15:21 | Build | Farm |
| 15:25 | Build | Farm |
| 15:30 | Create | Villager (Male) |
| 15:40 | Create | Scout Cavalry |
| 15:40 | Create | Scout Cavalry |
| 15:40 | Create | Scout Cavalry |
| 16:02 | Create | Villager (Male) |
| 16:04 | Build | Farm |
| 16:07 | Build | Farm |
| 16:23 | Research | Forging |
| 16:26 | Create | Villager (Male) |
| 16:30 | Build | Farm |
| 16:32 | Build | Farm |
| 16:43 | Create | Villager (Male) |
| 17:07 | Create | Villager (Male) |
| 17:17 | Research | Bloodlines |
| 17:35 | Create | Villager (Male) |
| 17:40 | Build | Mining Camp |
| 17:43 | Build | Farm |
| 17:49 | Create | Villager (Male) |
| 17:54 | Build | House |
| 17:56 | Build | House |
| 17:57 | Build | House |
| 17:59 | Build | House |
| 18:09 | Create | Villager (Male) |
| 18:43 | Create | Villager (Male) |
| 18:54 | Build | Stable |
| 19:05 | Research | Castle Age |
| 19:05 | Research | Castle Age |
| 19:06 | Research | Castle Age |
| 19:18 | Research | Gold Mining |
| 19:24 | Build | Stable |
| 19:39 | Build | Farm |
| 20:20 | Build | Farm |
| 20:22 | Build | Farm |
| 20:24 | Build | Farm |
| 20:33 | Create | Villager (Male) |
| 20:43 | Research | Wheelbarrow |
| 20:55 | Build | Palisade Gate |
| 21:32 | Age | Castle Age |
| 21:34 | Create | Knight |
| 21:34 | Create | Knight |
| 21:34 | Create | Knight |
Build order — Bourne2Believe
First 150 of 159 actions detected
| 0:01 | Research | Loom |
| 0:04 | Build | House |
| 0:06 | Build | House |
| 0:17 | Create | Villager (Male) |
| 0:28 | Create | Villager (Male) |
| 0:29 | Create | Villager (Male) |
| 0:29 | Create | Villager (Male) |
| 1:20 | Create | Villager (Male) |
| 1:20 | Create | Villager (Male) |
| 2:02 | Create | Villager (Male) |
| 2:02 | Create | Villager (Male) |
| 2:08 | Create | Villager (Male) |
| 2:08 | Create | Villager (Male) |
| 2:13 | Build | Lumber Camp |
| 2:40 | Create | Villager (Male) |
| 3:06 | Create | Villager (Male) |
| 3:07 | Create | Villager (Male) |
| 3:35 | Create | Villager (Male) |
| 3:35 | Create | Villager (Male) |
| 3:36 | Create | Villager (Male) |
| 3:53 | Build | House |
| 3:55 | Build | Palisade Wall |
| 3:59 | Create | Villager (Male) |
| 3:59 | Create | Villager (Male) |
| 4:20 | Create | Villager (Male) |
| 4:21 | Create | Villager (Male) |
| 5:53 | Create | Villager (Male) |
| 6:09 | Build | Mining Camp |
| 6:17 | Create | Villager (Male) |
| 6:52 | Research | Feudal Age |
| 6:52 | Research | Feudal Age |
| 7:45 | Build | Barracks |
| 8:30 | Build | Palisade Wall |
| 8:51 | Build | House |
| 8:58 | Create | Villager (Male) |
| 9:02 | Age | Feudal Age |
| 9:06 | Build | Archery Range |
| 9:27 | Create | Villager (Male) |
| 9:36 | Build | Archery Range |
| 9:41 | Build | House |
| 9:42 | Create | Villager (Male) |
| 9:56 | Build | Palisade Gate |
| 10:06 | Create | Villager (Male) |
| 10:08 | Create | Archer |
| 10:09 | Create | Villager (Male) |
| 10:16 | Build | Mill |
| 10:26 | Create | Archer |
| 10:44 | Build | Palisade Wall |
| 10:46 | Create | Archer |
| 10:52 | Build | House |
| 11:02 | Build | Palisade Wall |
| 11:04 | Create | Villager (Male) |
| 11:08 | Create | Archer |
| 11:08 | Create | Archer |
| 11:13 | Research | Double-Bit Axe |
| 11:13 | Research | Double-Bit Axe |
| 11:25 | Create | Archer |
| 11:25 | Create | Archer |
| 11:36 | Create | Villager (Male) |
| 11:49 | Build | Mill |
| 11:50 | Create | Villager (Male) |
| 11:57 | Create | Archer |
| 11:58 | Create | Archer |
| 12:04 | Build | House |
| 12:17 | Create | Archer |
| 12:17 | Create | Archer |
| 12:21 | Create | Villager (Male) |
| 12:35 | Build | House |
| 12:40 | Create | Villager (Male) |
| 12:51 | Create | Archer |
| 12:51 | Create | Archer |
| 13:16 | Create | Archer |
| 13:16 | Create | Archer |
| 13:20 | Create | Villager (Male) |
| 13:23 | Build | Blacksmith |
| 13:43 | Create | Archer |
| 13:44 | Create | Archer |
| 13:52 | Create | Villager (Male) |
| 13:55 | Create | Villager (Male) |
| 14:09 | Build | Mill |
| 14:17 | Research | Fletching |
| 14:17 | Research | Fletching |
| 14:18 | Create | Archer |
| 14:18 | Create | Archer |
| 14:32 | Create | Archer |
| 15:06 | Create | Archer |
| 15:06 | Create | Archer |
| 15:09 | Build | House |
| 15:14 | Create | Villager (Male) |
| 15:38 | Create | Villager (Male) |
| 15:49 | Create | Archer |
| 15:49 | Create | Archer |
| 16:04 | Create | Villager (Male) |
| 16:06 | Build | Farm |
| 16:09 | Build | House |
| 16:10 | Build | House |
| 16:21 | Create | Archer |
| 16:21 | Create | Archer |
| 16:23 | Build | Farm |
| 16:41 | Create | Villager (Male) |
| 16:42 | Build | Farm |
| 16:43 | Create | Archer |
| 16:43 | Create | Archer |
| 17:04 | Create | Villager (Male) |
| 17:07 | Build | Farm |
| 17:08 | Build | Farm |
| 17:08 | Build | Farm |
| 17:09 | Build | Farm |
| 17:11 | Build | Farm |
| 17:29 | Create | Archer |
| 17:29 | Create | Archer |
| 17:35 | Build | Farm |
| 17:35 | Create | Villager (Male) |
| 17:52 | Create | Villager (Male) |
| 17:57 | Research | Horse Collar |
| 18:04 | Build | Farm |
| 18:30 | Create | Archer |
| 18:30 | Create | Archer |
| 18:40 | Create | Archer |
| 18:40 | Create | Archer |
| 18:41 | Create | Villager (Male) |
| 18:43 | Create | Spearman |
| 18:44 | Create | Spearman |
| 18:53 | Build | House |
| 19:03 | Create | Villager (Male) |
| 19:22 | Build | House |
| 19:28 | Build | Lumber Camp |
| 19:29 | Create | Villager (Male) |
| 19:44 | Create | Villager (Male) |
| 20:08 | Build | Archery Range |
| 20:14 | Research | Castle Age |
| 20:15 | Research | Castle Age |
| 20:45 | Build | Farm |
| 20:57 | Create | Archer |
| 20:57 | Create | Archer |
| 21:11 | Create | Archer |
| 21:11 | Create | Archer |
| 21:31 | Create | Archer |
| 21:31 | Create | Archer |
| 21:33 | Research | Padded Archer Armor |
| 21:33 | Research | Padded Archer Armor |
| 21:35 | Research | Gold Mining |
| 22:18 | Create | Villager (Male) |
| 22:31 | Build | House |
| 22:33 | Build | House |
| 23:01 | Age | Castle Age |
| 23:02 | Research | Crossbowman (upgrade) |
| 23:02 | Research | Crossbowman (upgrade) |
| 23:02 | Research | Bodkin Arrow |
| 23:03 | Research | Bodkin Arrow |
Build order — 把星星装进兜里
124 actions detected in the replay
| 0:01 | Create | Villager (Male) |
| 0:01 | Create | Villager (Male) |
| 0:01 | Create | Villager (Male) |
| 0:02 | Build | House |
| 0:04 | Build | House |
| 0:04 | Create | Villager (Male) |
| 1:32 | Create | Villager (Male) |
| 2:04 | Create | Villager (Male) |
| 2:05 | Create | Villager (Male) |
| 2:17 | Build | Lumber Camp |
| 2:30 | Create | Villager (Male) |
| 2:30 | Create | Villager (Male) |
| 2:30 | Create | Villager (Male) |
| 2:31 | Create | Villager (Male) |
| 3:00 | Create | Villager (Male) |
| 3:00 | Create | Villager (Male) |
| 3:04 | Build | House |
| 3:17 | Create | Villager (Male) |
| 3:17 | Create | Villager (Male) |
| 3:44 | Create | Villager (Male) |
| 3:44 | Create | Villager (Male) |
| 4:16 | Create | Villager (Male) |
| 4:17 | Create | Villager (Male) |
| 4:17 | Create | Villager (Male) |
| 4:48 | Build | Mill |
| 5:25 | Create | Villager (Male) |
| 5:25 | Create | Villager (Male) |
| 5:25 | Create | Villager (Male) |
| 6:01 | Research | Loom |
| 6:49 | Research | Feudal Age |
| 6:49 | Research | Feudal Age |
| 7:07 | Build | Barracks |
| 7:34 | Build | House |
| 8:06 | Build | Palisade Wall |
| 8:15 | Build | Palisade Wall |
| 8:39 | Build | Palisade Gate |
| 8:53 | Create | Villager (Male) |
| 8:58 | Create | Villager (Male) |
| 8:59 | Age | Feudal Age |
| 9:10 | Build | Stable |
| 9:12 | Build | House |
| 9:32 | Create | Villager (Male) |
| 9:33 | Create | Villager (Male) |
| 9:33 | Create | Villager (Male) |
| 9:33 | Create | Villager (Male) |
| 9:33 | Create | Villager (Male) |
| 9:34 | Create | Villager (Male) |
| 9:40 | Research | Double-Bit Axe |
| 9:40 | Research | Double-Bit Axe |
| 10:01 | Build | Mill |
| 10:02 | Create | Villager (Male) |
| 10:07 | Create | Scout Cavalry |
| 10:16 | Build | Farm |
| 10:33 | Create | Villager (Male) |
| 10:38 | Build | Farm |
| 10:42 | Build | Farm |
| 10:52 | Create | Villager (Male) |
| 11:10 | Build | House |
| 11:14 | Build | Farm |
| 11:19 | Create | Villager (Male) |
| 11:23 | Create | Scout Cavalry |
| 11:23 | Create | Scout Cavalry |
| 11:31 | Build | House |
| 11:33 | Build | Farm |
| 11:43 | Create | Villager (Male) |
| 11:48 | Build | House |
| 12:03 | Create | Villager (Male) |
| 12:05 | Build | Farm |
| 12:22 | Create | Villager (Male) |
| 12:25 | Create | Scout Cavalry |
| 12:29 | Build | Farm |
| 12:30 | Build | Farm |
| 12:30 | Build | Farm |
| 12:30 | Build | Farm |
| 12:30 | Build | Farm |
| 12:31 | Build | Farm |
| 12:31 | Build | Farm |
| 12:42 | Create | Villager (Male) |
| 13:00 | Create | Scout Cavalry |
| 13:15 | Build | Farm |
| 13:15 | Build | Farm |
| 13:15 | Build | Farm |
| 13:16 | Build | Farm |
| 13:16 | Build | Farm |
| 13:16 | Build | Farm |
| 13:17 | Create | Villager (Male) |
| 13:32 | Create | Villager (Male) |
| 13:34 | Create | Scout Cavalry |
| 13:48 | Create | Villager (Male) |
| 13:56 | Build | House |
| 14:21 | Create | Scout Cavalry |
| 14:29 | Build | Farm |
| 14:30 | Build | Farm |
| 14:30 | Build | Farm |
| 14:30 | Build | Farm |
| 14:30 | Build | Farm |
| 14:30 | Build | Farm |
| 14:31 | Build | Farm |
| 14:32 | Create | Villager (Male) |
| 14:44 | Create | Scout Cavalry |
| 14:45 | Create | Villager (Male) |
| 15:10 | Create | Scout Cavalry |
| 15:31 | Create | Villager (Male) |
| 15:52 | Create | Scout Cavalry |
| 15:53 | Create | Villager (Male) |
| 16:00 | Create | Scout Cavalry |
| 16:09 | Build | Blacksmith |
| 16:11 | Build | Farm |
| 16:11 | Build | Farm |
| 16:12 | Build | Farm |
| 16:12 | Build | Farm |
| 16:12 | Build | Farm |
| 16:12 | Build | Farm |
| 16:13 | Build | Farm |
| 16:13 | Build | Farm |
| 16:14 | Create | Villager (Male) |
| 16:43 | Create | Villager (Male) |
| 17:03 | Create | Villager (Male) |
| 17:11 | Build | House |
| 17:14 | Build | House |
| 17:16 | Research | Scale Barding Armor |
| 17:16 | Research | Scale Barding Armor |
| 18:09 | Build | Lumber Camp |
| 18:10 | Create | Villager (Male) |
Match timeline
| 3:55 | Bourne2Believe · wall_segment Palisade Wall x1 |
| 7:07 | 把星星装进兜里 · first_building Barracks |
| 7:45 | Bourne2Believe · first_building Barracks |
| 7:56 | 快樂 543 · first_building Barracks |
| 7:56 | FayDingaway · first_building Barracks |
| 7:56 | _SpAldInG_ · first_building Barracks |
| 8:01 | 快樂987 · first_building Barracks |
| 8:06 | 把星星装进兜里 · wall_segment Palisade Wall x4 |
| 8:15 | 把星星装进兜里 · wall_segment Palisade Wall x7 |
| 8:16 | aoe2 server = STINKY TRASH · first_building Barracks |
| 8:30 | Bourne2Believe · wall_segment Palisade Wall x2 |
| 8:50 | _SpAldInG_ · age_up feudal |
| 8:53 | _SpAldInG_ · first_building Stable |
| 8:59 | 把星星装进兜里 · age_up feudal |
| 9:02 | Bourne2Believe · age_up feudal |
| 9:06 | Bourne2Believe · first_building Archery Range |
| 9:10 | 把星星装进兜里 · first_building Stable |
| 9:16 | 快樂 543 · age_up feudal |
| 9:16 | 楚歌 · first_building Barracks |
| 9:18 | 快樂987 · age_up feudal |
| 9:20 | 快樂 543 · first_building Archery Range |
| 9:21 | 快樂987 · first_building Stable |
| 9:44 | FayDingaway · age_up feudal |
| 9:48 | FayDingaway · first_building Archery Range |
| 10:13 | FayDingaway · wall_segment Palisade Wall x6 |
| 10:18 | aoe2 server = STINKY TRASH · age_up feudal |
| 10:19 | 楚歌 · age_up feudal |
| 10:23 | 楚歌 · first_building Archery Range |
| 10:27 | aoe2 server = STINKY TRASH · first_building Stable |
| 10:34 | _SpAldInG_ · wall_segment Palisade Wall x1 |
| 10:44 | Bourne2Believe · wall_segment Palisade Wall x4 |
| 10:53 | _SpAldInG_ · wall_segment Palisade Wall x11 |
| 10:53 | _SpAldInG_ · wall_segment Palisade Wall x1 |
| 11:02 | 快樂987 · wall_segment Palisade Wall x10 |
| 11:02 | Bourne2Believe · wall_segment Palisade Wall x8 |
| 11:06 | 快樂987 · wall_segment Palisade Wall x7 |
| 11:09 | _SpAldInG_ · wall_segment Palisade Wall x6 |
| 11:34 | 楚歌 · wall_segment Stone Wall x1 |
| 11:34 | 楚歌 · wall_segment Stone Wall x1 |
| 11:37 | 楚歌 · wall_segment Stone Wall x13 |
| 12:04 | _SpAldInG_ · wall_segment Palisade Wall x6 |
| 12:43 | _SpAldInG_ · wall_segment Palisade Wall x10 |
| 12:48 | FayDingaway · wall_segment Palisade Wall x1 |
| 12:50 | FayDingaway · wall_segment Palisade Wall x1 |
| 13:03 | 快樂987 · wall_segment Palisade Wall x6 |
| 13:04 | 快樂987 · wall_segment Palisade Wall x1 |
| 13:05 | 快樂 543 · wall_segment Palisade Wall x7 |
| 13:06 | _SpAldInG_ · wall_segment Palisade Wall x3 |
| 13:08 | _SpAldInG_ · wall_segment Palisade Wall x7 |
| 13:20 | _SpAldInG_ · wall_segment Palisade Wall x10 |
| 13:36 | 快樂 543 · wall_segment Palisade Wall x9 |
| 13:38 | 快樂987 · wall_segment Palisade Wall x1 |
| 13:58 | 快樂 543 · wall_segment Palisade Wall x8 |
| 14:57 | FayDingaway · wall_segment Palisade Wall x12 |
| 15:06 | 快樂 543 · wall_segment Palisade Wall x8 |
| 16:20 | 快樂987 · wall_segment Palisade Wall x7 |
| 16:46 | FayDingaway · wall_segment Palisade Wall x1 |
| 16:51 | aoe2 server = STINKY TRASH · resign |
| 19:56 | 快樂987 · first_market_sell 100 wood |
| 19:56 | 快樂987 · first_market_buy 100 food |
| 21:32 | _SpAldInG_ · age_up castle |
| 21:53 | 快樂 543 · first_market_sell 100 wood |
| 21:53 | 快樂 543 · first_market_buy 100 food |
| 22:26 | 快樂987 · age_up castle |
| 22:51 | _SpAldInG_ · wall_segment Palisade Wall x1 |
| 23:01 | Bourne2Believe · age_up castle |
[ AI ANALYSIS · 1 CREDIT ]
What really happened in this match?
Wolo.gg analyzes every decision: build order, eco, micro, common mistakes by bracket. Personalized analysis on WhatsApp or Discord in 30 seconds.
Civ guide
Maya
Perfil
Jugador #1370504